 Dungeon Crawl Stone Soup version 0.27.1-34-g3ba077fa99 (webtiles) character file.

Game seed: 16962792649646863926

2393 zeram the Destroyer (level 9, -2/65 HPs)
             Began as a Gnoll Conjurer on Jan 3, 2022.
             Slain by an orc warrior (13 damage)
             ... on level 6 of the Dungeon.
             The game lasted 00:15:06 (8014 turns).

zeram the Destroyer (Gnoll Conjurer)                Turns: 8014, Time: 00:15:07

Health: -2/65      AC:  4    Str:  8    XL:     9   Next: 46%
Magic:  6/19       EV: 15    Int: 20    God:
Gold:   502        SH:  0    Dex: 16    Spells: 6/21 levels left

rFire    . . .     SeeInvis .   u - +4 whip (elec)
rCold    . . .     Faith    .   (no shield)
rNeg     . . .     Spirit   .   a - +1 robe
rPois    .         Reflect  .   (no helmet)
rElec    .         Harm     .   r - +0 cloak
rCorr    .         Rampage  .   (no gloves)
Will     .....                  (no boots)
Stlth    +++.......             (no amulet)
HPRegen  0.20/turn              i - +6 ring of dexterity
MPRegen  0.16/turn              o - +4 ring of slaying

@: no status effects
A: fangs 1, strong nose, distributed training
a: no special abilities


You were on level 6 of the Dungeon.
You visited 1 branch of the dungeon, and saw 7 of its levels.

You collected 502 gold pieces.

Inventory:

Hand Weapons
 b - a +0 hand axe
 u - a +4 whip of electrocution (weapon)
Missiles
 e - 6 javelins
 h - 8 poisoned darts (quivered)
Armour
 a - a +1 robe (worn)
 r - a +0 cloak (worn)
Jewellery
 i - a +6 ring of dexterity (left hand)
 o - a +4 ring of slaying (right hand)
Wands
 q - a wand of flame (19)
Scrolls
 j - a scroll of fog
 l - a scroll of immolation
 m - 2 scrolls of noise
 p - a scroll of brand weapon
Potions
 c - 2 potions of attraction
 d - a potion of magic
 g - a potion of brilliance {unknown}
 k - a potion of invisibility {unknown}
 n - 3 potions of cancellation {unknown}
 s - a potion of flight {unknown}
 t - a potion of mutation {unknown}


   Skills:
 + Level 4.2 Fighting
 + Level 4.2 Short Blades
 + Level 4.2 Long Blades
 + Level 4.2 Axes
 + Level 4.2 Maces & Flails
 + Level 4.2 Polearms
 + Level 4.2 Staves
 + Level 4.2 Slings
 + Level 4.2 Bows
 + Level 4.2 Crossbows
 + Level 4.2 Throwing
 + Level 4.2 Armour
 + Level 6.3 Dodging
 + Level 6.0 Stealth
 + Level 4.2 Shields
 + Level 4.2 Unarmed Combat
 + Level 6.6 Spellcasting
 + Level 8.0 Conjurations
 + Level 3.5 Hexes
 + Level 3.5 Summonings
 + Level 3.5 Necromancy
 + Level 3.5 Translocations
 + Level 3.5 Transmutations
 + Level 3.5 Fire Magic
 + Level 3.5 Ice Magic
 + Level 3.5 Air Magic
 + Level 3.5 Earth Magic
 + Level 3.5 Poison Magic
 + Level 4.7 Invocations
 + Level 4.2 Evocations


You had 6 spell levels left.
You knew the following spells:

 Your Spells              Type           Power      Damage    Failure   Level
a - Magic Dart            Conj           100%       1d8       1%          1
b - Searing Ray           Conj           76%        3d6       1%          2
c - Dazzling Flash        Conj/Hex       58%        N/A       2%          3
d - Call Canine Familiar  Summ           20%        N/A       7%          3
e - Invisibility          Hex            10%        N/A       98%         6

Your spell library contained the following spells:

 Spells                   Type           Power      Damage    Failure   Level
 Passwall                 Tmut/Erth      16%        N/A       3%          2
 Portal Projectile        Hex/Tloc       40%        N/A       7%          3
 Swiftness                Air            20%        N/A       7%          3
 Fulminant Prism          Conj/Hex       14%        3d9       9%          4
 Iskenderun's Mystic Bla  Conj/Tloc      29%        2d7       9%          4
 Leda's Liquefaction      Hex/Erth       10%        N/A       22%         4


Dungeon Overview and Level Annotations

Branches:
Dungeon (7/15)             Temple (0/1) D:7

Altars:
Dithmenos
Kikubaaqudgha
Makhleb
Uskayaw
Zin


Innate Abilities, Weirdness & Mutations

You have very sharp teeth.
Your uncanny sense of smell can sniff out nearby items.
Your experience applies equally to all skills.


Message History

Casting: Magic Dart (safe; 1% risk of failure)
Confirm with . or Enter, or press ? or * to list all spells.
Aiming: Magic Dart (safe; 1% risk of failure)
Press: ? - help, Shift-Dir - straight line, f/p - orc warrior
Aim: an orc warrior, wielding a +0 mace and wearing a +0 plate armour (lightly wounded, 100% to hit)
The magic dart hits the orc warrior but does no damage.
The orc warrior is lightly wounded.
Casting: Magic Dart (safe; 1% risk of failure)
Confirm with . or Enter, or press ? or * to list all spells.
Aiming: Searing Ray (safe; 1% risk of failure)
Press: ? - help, Shift-Dir - straight line, f/p - orc warrior
Aim: an orc warrior, wielding a +0 mace and wearing a +0 plate armour (lightly wounded, 81% to hit)
The searing ray hits the orc warrior!
The orc warrior is heavily wounded. (Press . to maintain the ray.)
The searing ray hits the orc warrior.
The orc warrior is severely wounded.
The searing ray hits the orc warrior.
The orc warrior is severely wounded.
The searing ray hits the orc warrior but does no damage.
The orc warrior is severely wounded.
You finish channeling your searing ray.
The orc warrior hits you with a +0 mace!
There is an open translucent door, spattered with blood here.
Items here: $ )) [.
Okay, then.
Okay, then.
There is an open door here.
Casting: Searing Ray (safe; 1% risk of failure)
Confirm with . or Enter, or press ? or * to list all spells.
Aiming: Searing Ray (safe; 1% risk of failure)
Press: ? - help, Shift-Dir - straight line, f/p - orc warrior
Aim: an orc warrior, wielding a +0 mace and wearing a +0 plate armour (severely wounded, 81% to hit)
The searing ray misses the orc warrior. (Press . to maintain the ray.)
The orc warrior hits you with a +0 mace!!
* * * LOW HITPOINT WARNING * * *
The searing ray misses the orc warrior.
The orc warrior hits you with a +0 mace!
You die...

.....# #........# .....#
#........# .....#
#........#
.....###########..#
...............#'##
..................#
.#+##.............#
.#..#...........o.#
.#..#...........@.# ∆∆∆
.##'##'########...# ∆∆ ∆∆
##..##........##'#########
)........................#
.........................#
....................##...#
######..########....######
.....#######..##....##...#
.....# #.....##....##...#


You could see an orc warrior.

Vanquished Creatures
  Menkaure (D:4)
  2 steam dragons
  A water moccasin (D:7)
  2 sky beasts
  An orc warrior (D:5)
  A necrophage (D:7)
  An ogre (D:6)
  2 bullfrogs
  A wyvern zombie (D:6)
  2 scorpions
  A water moccasin skeleton (D:5)
  5 killer bees (D:7)
  A howler monkey (D:4)
  A crimson imp (D:5)
  2 bullfrog zombies (D:6)
  3 centaur zombies
  A hound (D:6)
  A jelly (D:5)
  3 orc priests
  A bullfrog skeleton (D:4)
  4 iguanas
  7 orc wizards
  A howler monkey skeleton (D:7)
  6 adders
  An adder skeleton (D:5)
  2 worms
  3 dart slugs
  34 orcs
  6 bats
  9 endoplasms
  4 giant cockroaches
  2 goblins
  12 hobgoblins
  3 jackals (D:2)
  4 quokkas
  7 ball pythons
  2 frilled lizards
  5 kobolds
  2 rats (D:2)
147 creatures vanquished.

Notes
Turn   | Place    | Note
-------+----------+-------------------------------------------
     0 | D:1      | zeram the Gnoll Conjurer began the quest for the Orb.
     0 | D:1      | Reached XP level 1. HP: 13/13 MP: 6/6
     1 | D:1      | Noticed a ghoul
     2 | D:1      | Noticed a demonspawn
     4 | D:1      | Noticed a ghoul
     6 | D:1      | Noticed a vine stalker
     8 | D:1      | Noticed a human
     9 | D:1      | Noticed a tengu
    11 | D:1      | Noticed a djinni
    11 | D:1      | Noticed a minotaur
    13 | D:1      | Noticed a ghoul
    15 | D:1      | Noticed a palentonga
    15 | D:1      | Noticed a palentonga
    17 | D:1      | Noticed a vampire
    19 | D:1      | Noticed a barachi
    21 | D:1      | Noticed a dwarf
   147 | D:1      | Reached XP level 2. HP: 19/19 MP: 3/7
   313 | D:1      | Learned a level 2 spell: Searing Ray
   478 | D:1      | Reached XP level 3. HP: 25/25 MP: 5/9
   552 | D:1      | Reached skill level 5 in Spellcasting
  1049 | D:2      | Reached skill level 1 in Invocations
  1320 | D:2      | Reached skill level 1 in Fighting
  1320 | D:2      | Reached skill level 1 in Short Blades
  1320 | D:2      | Reached skill level 1 in Long Blades
  1320 | D:2      | Reached skill level 1 in Axes
  1320 | D:2      | Reached skill level 1 in Maces & Flails
  1320 | D:2      | Reached skill level 1 in Polearms
  1320 | D:2      | Reached skill level 1 in Staves
  1320 | D:2      | Reached skill level 1 in Slings
  1320 | D:2      | Reached skill level 1 in Bows
  1320 | D:2      | Reached skill level 1 in Crossbows
  1320 | D:2      | Reached skill level 1 in Throwing
  1320 | D:2      | Reached skill level 1 in Armour
  1320 | D:2      | Reached skill level 1 in Shields
  1320 | D:2      | Reached skill level 1 in Unarmed Combat
  1320 | D:2      | Reached skill level 1 in Evocations
  1761 | D:2      | Found a faded altar of an unknown god.
  1766 | D:2      | Reached XP level 4. HP: 31/32 MP: 6/11
  1848 | D:2      | Learned a level 3 spell: Dazzling Flash
  2376 | D:3      | You fall into a shaft and drop 1 floor!
  2434 | D:4      | Noticed Menkaure
  2441 | D:4      | Killed Menkaure
  2442 | D:4      | Reached skill level 1 in Hexes
  2442 | D:4      | Reached skill level 1 in Summonings
  2442 | D:4      | Reached skill level 1 in Necromancy
  2442 | D:4      | Reached skill level 1 in Translocations
  2442 | D:4      | Reached skill level 1 in Transmutations
  2442 | D:4      | Reached skill level 1 in Fire Magic
  2442 | D:4      | Reached skill level 1 in Ice Magic
  2442 | D:4      | Reached skill level 1 in Air Magic
  2442 | D:4      | Reached skill level 1 in Earth Magic
  2442 | D:4      | Reached skill level 1 in Poison Magic
  2442 | D:4      | Reached XP level 5. HP: 28/37 MP: 4/12
  2445 | D:4      | Reached XP level 6. HP: 33/44 MP: 1/13
  3033 | D:4      | Found a shadowy altar of Dithmenos.
  3366 | D:4      | Reached skill level 5 in Dodging
  3487 | D:5      | Entered Level 5 of the Dungeon
  3730 | D:5      | Found a hide-covered altar of Uskayaw.
  3744 | D:5      | Reached XP level 7. HP: 23/50 MP: 15/15
  4040 | D:5      | You fall into a shaft and drop 2 floors!
  4305 | D:7      | Reached skill level 5 in Stealth
  4316 | D:7      | Reached XP level 8. HP: 11/57 MP: 0/16
  5145 | D:7      | Found an ancient bone altar of Kikubaaqudgha.
  5272 | D:7      | Found a staircase to the Ecumenical Temple.
  5661 | D:6      | Found a runed translucent door.
  5740 | D:6      | Reached XP level 9. HP: 35/65 MP: 8/18
  5744 | D:6      | Learned a level 3 spell: Call Canine Familiar
  5751 | D:6      | Learned a level 6 spell: Invisibility
  6214 | D:5      | Found a glowing silver altar of Zin.
  6283 | D:5      | Found a burning altar of Makhleb.
  7437 | D:6      | Reached skill level 8 in Conjurations
  8014 | D:6      | Slain by an orc warrior

Illustrated notes

Levels and vault maps discovered:
D:1:      shiori_arrival_whats_in_store_for_you, layout_rooms, serial_glass,
          glass_columns_a, glass_columns_b, hangedman_decor_peaks_small,
          minivault_19, amethyst_killhole
D:2:      layout_loops_ring, shapermc_ecumenical_altar_pompeii,
          roderic_roman_lattice
D:3:      layout_loops_cross
D:4:      layout_basic, mainiacjoe_overflow_boulevard, uniq_menkaure
D:5:      layout_cave_pods, makhleb_grotto_becter, nicolae_uskayaw_dance_hall,
          mainiacjoe_overflow_six_doors_small, serial_bayou_pond_d
D:6:      layout_gridville, lightli_church_of_beogh
D:7:      layout_basic, kiku_gazebo_pond_becter, temple_hall

Skill      XL: |  1  2  3  4  5  6  7  8  9 |
---------------+----------------------------+-----
Spellcasting   | 5 6 |  6.6
Invocations    | 1 2 3 4 |  4.7
Fighting       | 1 2 3 4 |  4.2
Short Blades   | 1 2 3 4 |  4.2
Long Blades    | 1 2 3 4 |  4.2
Axes           | 1 2 3 4 |  4.2
Maces & Flails | 1 2 3 4 |  4.2
Polearms       | 1 2 3 4 |  4.2
Staves         | 1 2 3 4 |  4.2
Slings         | 1 2 3 4 |  4.2
Bows           | 1 2 3 4 |  4.2
Crossbows      | 1 2 3 4 |  4.2
Throwing       | 1 2 3 4 |  4.2
Armour         | 1 2 3 4 |  4.2
Shields        | 1 2 3 4 |  4.2
Unarmed Combat | 1 2 3 4 |  4.2
Evocations     | 1 2 3 4 |  4.2
Hexes          | 1 2 3 |  3.5
Summonings     | 1 2 3 |  3.5
Necromancy     | 1 2 3 |  3.5
Translocations | 1 2 3 |  3.5
Transmutations | 1 2 3 |  3.5
Fire Magic     | 1 2 3 |  3.5
Ice Magic      | 1 2 3 |  3.5
Air Magic      | 1 2 3 |  3.5
Earth Magic    | 1 2 3 |  3.5
Poison Magic   | 1 2 3 |  3.5
Dodging        | 5 6 |  6.3
Stealth        | 5 6 |  6.0
Conjurations   | 8 |  8.0

Action                   |  1- 3 |  4- 6 |  7- 9 || total
-------------------------+-------+-------+-------++-------
Melee: Unarmed           |     2 |       |       ||     2
       Hand axe          |    17 |    52 |    24 ||    93
       Bite              |       |     5 |     7 ||    12
       Whip              |       |       |    17 ||    17
       Punch             |       |       |     1 ||     1
 Cast: Magic Dart        |    59 |    17 |    46 ||   122
       Searing Ray       |     6 |    13 |    51 ||    70
  Use: Scroll            |     3 |     5 |     9 ||    17
       Potion            |       |       |     2 ||     2
 Stab: Sleeping          |     2 |     7 |     4 ||    13
Armor: Robe              |     8 |     4 |    13 ||    25
       Skin              |       |       |    13 ||    13
Dodge: Dodged            |    15 |    44 |    76 ||   135
